 Dungeon Crawl Stone Soup version 0.28.0 (webtiles) character file.

Game seed: 15244272402958200025

103 Findor the Sneak (level 5, 0/30 HPs)
             Began as a Kobold Brigand on Feb 14, 2022.
             Slain by an orc priest (7 damage)
             ... on level 3 of the Dungeon.
             The game lasted 00:04:14 (3195 turns).

Findor the Sneak (Kobold Brigand)                   Turns: 3195, Time: 00:04:14

Health: 0/30       AC:  7    Str: 10    XL:     5   Next: 6%
Magic:  14/14      EV: 12    Int: 13    God:
Gold:   57         SH:  0    Dex: 16    Spells: 4/4 levels left

rFire   . . .      SeeInvis .   h - +0 dagger (flame)
rCold   . . .      Faith    .   (no shield)
rNeg    . . .      Spirit   .   f - +0 ring mail
rPois   .          Reflect  .   (no helmet)
rElec   .          Harm     .   c - +1 cloak
rCorr   .          Rampage  .   (no gloves)
Will    .....                   (no boots)
Stlth   ++++......              (no amulet)
HPRegen 0.10/turn               m - ring of magical power
MPRegen 0.14/turn               (no ring)

@: lethally poisoned (0 -> -18)
A: small, no large weapons, nightstalker 3
a: no special abilities


You were on level 3 of the Dungeon.
You visited 1 branch of the dungeon, and saw 3 of its levels.

You collected 57 gold pieces.


Innate Abilities, Weirdness & Mutations

You are small and have problems with some larger weapons.
You are completely attuned to the shadows.


   Skills:
 - Level 2.1 Fighting
 * Level 5.8 Short Blades
 - Level 2.1 Throwing
 - Level 1.2 Dodging
 + Level 6.0 Stealth


You had 4 spell levels left.
You didn't know any spells.
Your spell library contained the following spells:

 Spells                   Type           Power      Damage    Failure   Level
 Slow                     Hex            0%         N/A       63%         1
 Confusing Touch          Hex            0%         N/A       94%         3
 Vampiric Draining        Necr           0%         2d6       94%         3

Inventory:

Hand Weapons
 a - a +2 dagger of protection
 h - a +0 dagger of flaming (weapon)
   (You took it off a kobold on level 1 of the Dungeon)
Missiles
 d - 14 poisoned darts (quivered)
 e - 2 curare-tipped darts
 j - 17 bolts
 p - 2 throwing nets {!f}
Armour
 c - a +1 cloak (worn)
 f - a +0 ring mail (worn)
   (You found it on level 1 of the Dungeon)
Jewellery
 m - a ring of magical power (left hand)
   (You found it on level 2 of the Dungeon)
Scrolls
 k - a scroll of fear


Message History

Your adder's corpse dissolves into shadows!
A magic dart appears from out of thin air!
The magic dart hits your goblin!
Your goblin dies!
Your goblin's corpse dissolves into shadows!
A magic dart appears from out of thin air!
The magic dart hits your kobold.
Your kobold dies!
Your kobold's corpse dissolves into shadows!
Okay, then.
There is a stone staircase leading up here.
You climb upwards.
Reactivating autopickup.
There is a stone staircase leading down here.
You start resting.
There is an open door here.
There is an open door here.
There is a stone staircase leading down here.
You climb downwards.
There is a stone staircase leading up here.
An orc priest is nearby!
The orc priest shouts!
The orc priest hits you with a +2 dagger of venom.
You hit the orc priest but do no damage.
The orc priest hits you with a +2 dagger of venom.
You are poisoned.
You hit the orc priest but do no damage.
Your punch misses the orc priest.
You feel sick.
You hit the orc priest. You burn the orc priest.
You feel sick.
The orc priest hits you with a +2 dagger of venom.
You are more poisoned.
You hit the orc priest but do no damage.
You feel very sick.
The orc priest hits you but does no damage.
You are lethally poisoned!
You aren't carrying any items that you can evoke.
Unknown command.
You aren't carrying any potions.
Unknown command.
You hit the orc priest but do no damage.
* * * LOW HITPOINT WARNING * * *
You feel very sick.
Unknown command.
As you read the scroll labelled AMYMYI KUAS, it crumbles to dust.
It is a scroll of identify.
k - a scroll of fear
* * * LOW HITPOINT WARNING * * *
You feel very sick.
The orc priest hits you with a +2 dagger of venom!
You die...

*,* *,* #....###..####)# *,* *,*
#.........# #.# *,* *,*
##...####.# #.# ******,* *,*
##.## #.# #.# ,,,,,,,* *,*
#.#####.####.# ******** *,*
#............# **********,*
#.##########.#
,,,,,,,,,,,*#######.##########.##
****,*******#.oo@..........).#...
* *,* #.####..###.####.#### * *,*
*,* #..# #.# *.# ****,* *,* #..#
#.# *.# ,,,,,********,***#..#*#!#
*.# ***,,,,,,,,,,,,,,,,,,,,,* *,*
* *,*********,****,,**,,****,** *
*,**** *,* *,,,,,,,,,,,,*** *
*,,,,** *,* *,***,,,,,,,,,,,


You could see an orc priest and an orc.

Vanquished Creatures
  An orc wizard (D:3)
  2 adders
  2 dart slugs (D:1)
  3 orcs
  8 ball pythons
  2 bats
  5 endoplasms
  2 giant cockroaches
  6 goblins
  6 hobgoblins
  3 quokkas
  A frilled lizard (D:1)
  5 kobolds
  4 rats
50 creatures vanquished.

Notes
Turn   | Place    | Note
-------+----------+-------------------------------------------
     0 | D:1      | Findor the Kobold Brigand began the quest for the Orb.
     0 | D:1      | Reached XP level 1. HP: 12/12 MP: 1/1
    58 | D:1      | Reached skill level 3 in Short Blades
   210 | D:1      | Reached XP level 2. HP: 17/17 MP: 2/2
   478 | D:1      | Reached XP level 3. HP: 19/21 MP: 3/3
  1543 | D:2      | Reached XP level 4. HP: 23/26 MP: 4/4
  1574 | D:2      | Found a faded altar of an unknown god.
  2212 | D:3      | HP: 2/26 [orc priest/divine providence (9)]
  2618 | D:3      | HP: 5/26 [orc wizard/puff of flame (5)]
  2620 | D:3      | Reached skill level 6 in Stealth
  2620 | D:3      | Reached XP level 5. HP: 6/30 MP: 5/5
  3195 | D:3      | Slain by an orc priest

Levels and vault maps discovered:
D:1:      dpeg_arrival_oval, layout_basic
D:2:      layout_basic, chequers_ecumenical_altar_simple_redux
D:3:      layout_loops_ring, trog_three_pillars_becter,
          nemelex_dance_club_becter

Action                   |  1- 3 |  4- 6 || total
-------------------------+-------+-------++-------
Melee: Dagger            |    80 |    99 ||   179
       Punch             |     1 |     2 ||     3
  Use: Potion            |       |     1 ||     1
       Scroll            |       |     5 ||     5
 Stab: Sleeping          |    23 |     3 ||    26
Armor: Ring mail         |    15 |    27 ||    42
Dodge: Dodged            |    25 |    31 ||    56
